 Dungeon Crawl Stone Soup version 0.30-a0-242-g7bf8e6d787 (webtiles) character file.

Game seed: 15217979930163109330

10 zishaf the Gusty (level 2, 16/16 HPs)
             Began as a Tengu Air Elementalist on Oct 11, 2022.
             Quit the game on level 1 of the Dungeon.
             The game lasted 00:00:45 (329 turns).

zishaf the Gusty (Tengu Air Elementalist)            Turns: 329, Time: 00:00:46

Health: 16/16      AC:  2    Str:  8    XL:     2   Next: 20%
Magic:  2/6        EV: 12    Int: 15    God:
Gold:   0          SH:  0    Dex: 14    Spells: 4/5 levels left

rFire   . . .      SeeInvis .    e - +0 dagger
rCold   . . .      Faith    .    (no shield)
rNeg    . . .      Spirit   .    a - +0 robe
rPois   .          Reflect  .    (helmet restricted)
rElec   .          Harm     .    (no cloak)
rCorr   .          Rampage  .    (no gloves)
Will    .....                    (boots unavailable)
Stlth   ++........               (no amulet)
HPRegen 0.22/turn                (no ring)
MPRegen 0.10/turn                (no ring)

@: no status effects
A: beak, talons 3
a: no special abilities


You were on level 1 of the Dungeon.
You visited 1 branch of the dungeon, and saw 1 of its levels.

Inventory:

Hand Weapons
 e - a +0 dagger (weapon)
Armour
 a - a +0 robe (worn)
Scrolls
 c - 2 scrolls of identify {unknown}
 d - a scroll of amnesia {unknown}
Potions
 b - a potion of magic
 f - a potion of brilliance {unknown}
 g - a potion of ambrosia {unknown}


   Skills:
 + Level 0.5 Fighting
 - Level 2.2 Dodging
 - Level 2.0 Stealth
 - Level 2.0 Spellcasting
 + Level 1.8 Conjurations
 * Level 4.4 Air Magic


You had 4 spell levels left.
You knew the following spells:

 Your Spells              Type           Power      Damage    Failure   Level
a - Shock                 Conj/Air       44%        1d5       6%          1

Your spell library contained the following spells:

 Spells                   Type           Power      Damage    Failure   Level
 Static Discharge         Conj/Air       22%        2-3/arc   9%          2
 Swiftness                Air            14%        N/A       11%         3
 Airstrike                Air            7%         2d(1-17)  34%         4


Dungeon Overview and Level Annotations

Branches:
Dungeon (1/15)

Altars:


Innate Abilities, Weirdness & Mutations

You have a beak for a mouth.
You have claws for feet.


Message History

Aim: a giant cockroach (asleep, 100% to hit)
The zap hits the giant cockroach.
The giant cockroach is almost dead.
Casting: Shock (safe; 6% risk of failure)
Confirm with . or Enter, or press ? or * to list all spells.
Aiming: Shock (safe; 6% risk of failure)
Press: ? - help, Shift-Dir - straight line, f/p - giant cockroach
Aim: a giant cockroach (almost dead, 68% to hit)
The zap misses the giant cockroach.
Casting: Shock (safe; 6% risk of failure)
Confirm with . or Enter, or press ? or * to list all spells.
Aiming: Shock (safe; 6% risk of failure)
Press: ? - help, Shift-Dir - straight line, f/p - giant cockroach
Aim: a giant cockroach (almost dead, 68% to hit)
The zap hits the giant cockroach.
You kill the giant cockroach!
Casting: Shock (safe; 6% risk of failure)
Confirm with . or Enter, or press ? or * to list all spells.
You can't see any susceptible monsters within range! (Use Z to cast anyway.)
A quokka comes into view.
You see here a +1 ring mail of willpower.
Casting: Shock (safe; 6% risk of failure)
Confirm with . or Enter, or press ? or * to list all spells.
You can't see any susceptible monsters within range! (Use Z to cast anyway.)
You see here a book of Frost.
Casting: Shock (safe; 6% risk of failure)
Confirm with . or Enter, or press ? or * to list all spells.
Aiming: Shock (safe; 6% risk of failure)
Press: ? - help, Shift-Dir - straight line The zap hits the quokka.
The quokka is heavily wounded.
The zap hits the quokka.
You kill the quokka!
Casting: Shock (safe; 6% risk of failure)
Confirm with . or Enter, or press ? or * to list all spells.
You can't see any susceptible monsters within range! (Use Z to cast anyway.)
Casting: Shock (safe; 6% risk of failure)
Confirm with . or Enter, or press ? or * to list all spells.
You can't see any susceptible monsters within range! (Use Z to cast anyway.) Are you sure you want to abandon this character and quit the game? (Confirm with "yes".)

# #. .#.## ....# ..
#...# . #... .
###.#.### ..#
#.....@.## #.#
#.##.†...# #.# ###[..##
#.# ###.># #.# ##.# #.#
##...## #.# #.###
#.....# #.### ....#
##...## #...#
#.#######.....#######.#


There were no monsters in sight!

Vanquished Creatures
  3 giant cockroaches (D:1)
  A goblin (D:1)
  A hobgoblin (D:1)
  A quokka (D:1)
  A bat (D:1)
  A frilled lizard (D:1)
  A rat (D:1)
9 creatures vanquished.

Notes
Turn   | Place    | Note
-------+----------+-------------------------------------------
     0 | D:1      | zishaf the Tengu Air Elementalist began the quest for the
                  | Orb.
     0 | D:1      | Reached XP level 1. HP: 10/10 MP: 4/4
   185 | D:1      | Reached XP level 2. HP: 16/16 MP: 0/6
   329 | D:1      | Quit the game

Illustrated notes

Levels and vault maps discovered:
D:1:      minmay_arrival_semitransparent, layout_basic,
          nicolae_figureground_sparkle

Action                   || total
-------------------------++-------
Melee: Unarmed           ||     1
 Cast: Shock             ||    19

Table legend: (Time is in decaauts)
 A = Elapsed time spent in this place.
 B = Non-inter-level travel time spent in this place.
 C = Inter-level travel time spent in this place.
 D = Time resting spent in this place.
 E = Time spent auto-exploring this place.
 F = Levels seen in this place.
 G = Mean time per level.
                   A        B        C        D        E       F      G
               +--------+--------+--------+--------+--------+-----+--------+
         Total |    328 |    328 |      0 |     40 |    216 |   1 |  328.0 |
       Dungeon |    328 |    328 |      0 |     40 |    216 |   1 |  328.0 |
               +--------+--------+--------+--------+--------+-----+--------+

Top non-repeatable levels by time:
     D:1: 328 daAuts
